 Dungeon Crawl Stone Soup version 0.30-a0-329-g85436e0a43 (webtiles) character file.

Game seed: 3676697581065552750

45397 funkygono the Thaumaturge (level 14, -7/74 HPs)
             Began as a Gargoyle Fire Elementalist on Oct 28, 2022.
             Was an Elder of Vehumet.
             Mangled by Rupert
             ... wielding a +2 battleaxe of flaming
              (17 damage)
             ... on level 2 of the Orcish Mines on Oct 29, 2022.
             The game lasted 01:02:15 (22070 turns).

funkygono the Thaumaturge (GrFE)                   Turns: 22070, Time: 01:02:16

Health: -7/74      AC: 22    Str: 12    XL:     14   Next: 32%
Magic:  26/32      EV: 13    Int: 21    God:    Vehumet [****..]
Gold:   1145       SH:  0    Dex: 10    Spells: 14/41 levels left

rFire   . . .      SeeInvis +    i - +6 mace (freeze)
rCold   . . .      Faith    .    (no shield)
rNeg    + + .      Spirit   .    H - +1 steam dragon scales
rPois   ∞          Reflect  .    M - +1 helmet {SInv}
rElec   +          Harm     .    C - +1 cloak
rCorr   +          Rampage  .    c - +0 pair of gloves
Will    ++++.      Clarity  +    (no boots)
Stlth   ++........               B - amulet of the Four Winds {rN+ Will+++ Clar}
HPRegen 0.32/turn                N - ring of wizardry
MPRegen 0.23/turn                n - ring of resist corrosion

@: flying, invisible
A: sickness immunity, AC +10, big wings, negative energy resistance 1,
electricity resistance, torment resistance 1, petrification resistance
a: Renounce Religion


You were on level 2 of the Orcish Mines.
You worshipped Vehumet.
Vehumet was greatly pleased with you.
You visited 4 branches of the dungeon, and saw 18 of its levels.
You also visited: Gauntlet.

You collected 1457 gold pieces.
You spent 312 gold pieces at shops.

Inventory:

Hand Weapons
 d - a +2 demon whip of venom
 i - a +6 mace of freezing (weapon)
 p - a +2 flail of protection
Armour
 c - a +0 pair of gloves (worn)
 C - a +1 cloak (worn)
 H - +1 steam dragon scales (worn)
 M - a +1 helmet of see invisible (worn)
Magical Staves
 F - a staff of fire
Jewellery
 b - a ring of positive energy
 j - a ring of protection from cold
 n - a ring of resist corrosion (right hand)
 B - the amulet of the Four Winds (around neck) {rN+ Will+++ Clar}
   (You found it in a Gauntlet)

   [amulet of nothing]

   rN:        It protects you from negative energy.
   Clar:      It protects you against confusion.
   Will:      It greatly increases your willpower.
 N - a ring of wizardry (left hand)
Wands
 a - a wand of light (11)
 e - a wand of mindburst (6)
 u - a wand of flame (19)
Scrolls
 k - 8 scrolls of amnesia
 l - 2 scrolls of fog
 v - 6 scrolls of teleportation
 w - 3 scrolls of blinking
 y - 2 scrolls of fear
 z - a scroll of magic mapping
 E - a scroll of identify
 G - 2 scrolls of poison
Potions
 f - 4 potions of cancellation
 h - 3 potions of haste
 m - 9 potions of curing
 t - a potion of resistance
 x - 5 potions of mutation
 D - a potion of berserk rage
 K - a potion of invisibility
 L - a potion of ambrosia
Miscellaneous
 R - a piece from Xom's chessboard (15/15)
 X - a phial of floods


   Skills:
 + Level 3.3 Fighting
 + Level 2.5 Maces & Flails
 + Level 1.8 Armour
 + Level 4.2 Dodging
 + Level 4.0 Stealth
 + Level 14.4 Spellcasting
 + Level 8.3 Conjurations
 + Level 0.6 Translocations
 + Level 2.3 Transmutations
 + Level 12.6 Fire Magic
 * Level 3.4 Air Magic
 + Level 4.4 Earth Magic
 + Level 8.1 Poison Magic


You had 14 spell levels left.
You knew the following spells:

 Your Spells              Type           Power      Damage    Failure   Level
a - Foxfire               Conj/Fire      100%       2x1d9     1%          1
b - Scorch                Fire           100%       2d10      1%          2
c - Kindle Blastsparks    Fire/Tloc/Air  76%        2d16      1%          3
d - Flame Wave            Conj/Fire      56%        2d13      1%          4
e - Sting                 Tmut/Pois      100%       1d8       1%          1
f - Olgreb's Toxic Radia  Pois           49%        N/A       1%          4
g - Magic Dart            Conj           100%       1d8       1%          1
h - Sandblast             Erth           66%        2d15      1%          1
i - Momentum Strike       Conj/Tloc      68%        3d9       1%          2
j - Ignite Poison         Fire/Tmut/Pois 47%        N/A       1%          3
k - Lightning Bolt        Conj/Air       19%        1d34      1%          5

Your spell library contained the following spells:

 Spells                   Type           Power      Damage    Failure   Level
 Eringya's Noxious Bog    Tmut/Pois      18%        N/A       9%          6
 Necrotise                Necr           60%        1d7       1%          1
 Poisonous Vapours        Pois/Air       78%        N/A       1%          2
 Static Discharge         Conj/Air       78%        2-6/arc   1%          2
 Inner Flame              Hex/Fire       41%        N/A       1%          3
 Airstrike                Air            14%        2d(3-19)  1%          4
 Iskenderun's Mystic Bla  Conj/Tloc      34%        2d8       1%          4
 Arcjolt                  Conj/Air       19%        1d29      1%          5
 Vhi's Electric Charge    Tloc/Air       46%        N/A       2%          3
 Call Canine Familiar     Summ           15%        N/A       4%          3
 Gell's Gravitas          Tloc           18%        N/A       4%          3
 Lesser Beckoning         Tloc           36%        N/A       4%          3
 Portal Projectile        Hex/Tloc       32%        N/A       4%          3
 Teleport Other           Tloc           18%        N/A       4%          3
 Vampiric Draining        Necr           15%        2d7       4%          3
 Leda's Liquefaction      Hex/Erth       12%        N/A       6%          4
 Summon Forest            Summ/Tloc      8%         N/A       36%         5
 Agony                    Necr           15%        N/A       41%         5
 Summon Mana Viper        Hex/Summ       15%        N/A       41%         5
 Summon Cactus Giant      Summ           7%         N/A       91%         6
 Borgnjor's Revivificati  Necr           7%         N/A       100%        8
 Disjunction              Tloc           9%         N/A       100%        8
 Necromutation            Tmut/Necr      10%        N/A       100%        8
 Death's Door             Necr           7%         N/A       100%        9
 Cigotuvi's Dreadful Rot  Necr/Pois/Air  Unusable   N/A       N/A         2

Dungeon Overview and Level Annotations

Branches:
Dungeon (10/15)            Temple (1/1) D:7            Lair (5/5) D:8
 Shoals (0/4) Lair:3        Snake (0/4) Lair:3        Slime (0/5) Lair:5
    Orc (2/2) D:9             Elf (0/3) Orc:2       Gauntlet (visited)

Altars:
Ashenzari
Cheibriados
Dithmenos
Elyvilon
Fedhas
Gozag
Hepliaklqana
Kikubaaqudgha
Makhleb
Nemelex Xobeh
Okawaru
Qazlal
Ru
Sif Muna
Trog
Uskayaw
Vehumet
Wu Jian
Xom
Yredelemnul
Zin
The Shining One
Jiyva

Shops:
D:5 *   Orc:1 [   Orc:2 *

Annotations:
Lair:3 exclusion: ice statue
Orc:2 Rupert


Innate Abilities, Weirdness & Mutations

You are immune to sickness and miasma.
Your stone body is resilient. (AC +10)
You are immune to poison.
Your large and strong wings let you fly.
You resist negative energy. (rN+)
You are resistant to electric shocks. (rElec)
You are resistant to unholy torment.
You are immune to petrification.


Message History

The orc warrior is heavily wounded.
The flame wave engulfs Rupert!
Rupert is lightly wounded.
Rupert hits you with a +2 battleaxe of flaming!!
Rupert burns you! The orc warrior misses you.
Rupert hits you but does no damage.
A wave of flame ripples out!
The flame wave engulfs the orc warrior but does no damage.
The orc warrior is heavily wounded.
The flame wave engulfs Rupert!
Rupert is lightly wounded.
You finish channelling waves of flame.
Rupert hits you with a +2 battleaxe of flaming!!
* * * LOW HITPOINT WARNING * * *
Rupert burns you.
* * * LOW HITPOINT WARNING * * *
The orc warrior completely misses you.
Unknown command.
You feel much better. Rupert misses you.
The orc warrior hits you but does no damage.
Rupert hits you with a +2 battleaxe of flaming!
* * * LOW HITPOINT WARNING * * *
Rupert burns you.
* * * LOW HITPOINT WARNING * * *
Casting: Flame Wave (safe; 1% risk of failure)
Confirm with . or Enter, or press ? or * to list all spells.
Okay, then.
Press: ? - help, v - describe, . - travel
Here: Rupert, wielding a +2 battleaxe of flaming and wearing a +0 ring mail (lightly wounded, berserk)
The floor.
Okay, then.
You fade into invisibility!
Rupert hits you with a +2 battleaxe of flaming.
* * * LOW HITPOINT WARNING * * *
Rupert burns you.
* * * LOW HITPOINT WARNING * * *
The orc warrior hits you but does no damage.
Unknown command.
Rupert hits you with a +2 battleaxe of flaming!
You die...

#............#
##.............
...............
...............
.....)...[...#.
.......∩.......
.......))......
.....o@@$......
......o[.......
..[).[)#####...
[[..>.. .
.[#.... ..[)...
..).... .#[....


You could see Rupert (berserk, unable to see you), an orc warrior (unable to see
you) and an orc (unable to see you).

Vanquished Creatures
  A minotaur (Gauntlet)
  The ghost of Zinus the Zephyrmancer, a journeyman OpAE of Gozag (Lair:2)
  A merfolk avatar (Lair:5)
  5 hydras
  4 death yaks (Lair:5)
  Urug (Orc:1)
  An orc high priest (Orc:2)
  Nergalle (Lair:1)
  Amaemon (Lair:2)
  A sea snake (Lair:5)
  An orc knight (Orc:2)
  4 lindwurms (Lair:4)
  3 harpies (Lair:5)
  3 manticores (Lair:5)
  An orc sorcerer (Orc:1)
  An oklob plant (Lair:1)
  6 elephants
  7 black mambas
  An orange demon (Lair:2)
  12 cane toads
  A kobold demonologist (D:9)
  A rime drake (Lair:5)
  10 komodo dragons
  2 trolls
  8 polar bears
  A hornet (Lair:5)
  4 blink frogs
  Grinder (D:4)
  2 snapping turtles (Lair:5)
  9 flying skulls (Gauntlet)
  2 centaur simulacra (Gauntlet)
  9 yaks
  8 wyverns
  A ynoxinul (Gauntlet)
  3 basilisks
  4 steam dragons
  4 wargs
  Edmund (D:6)
  15 water moccasins
  11 orc warriors
  Duvessa (D:6)
  9 ice beasts
  A sky beast (D:7)
  2 black bears (D:4)
  12 wolves
  3 centaurs
  7 ogres
  2 kobold brigands (D:8)
  A gnoll sergeant (D:5)
  2 necrophages (D:5)
  8 bullfrogs
  A cane toad simulacrum (Gauntlet)
  3 scorpions
  3 jellies
  15 wights
  Dowan (D:6)
  16 killer bees
  5 howler monkeys
  7 hounds
  11 orc priests
  Crazy Yiuf (D:5)
  4 gnoll boudas
  2 iguanas
  4 iron imps (Gauntlet)
  15 orc wizards
  A boggart simulacrum (Gauntlet)
  22 gnolls
  9 adders
  4 shadow imps
  6 white imps
  An ufetubus (D:6)
  3 worms
  2 dart slugs (D:2)
  54 orcs
  10 ball pythons
  8 endoplasms
  A giant cockroach (D:2)
  6 goblins
  6 hobgoblins
  14 jackals
  19 kobolds
  2 quokkas (D:1)
  8 bats
  3 frilled lizards (D:1)
  3 rats (D:1)
471 creatures vanquished.

Vanquished Creatures (collateral kills)
  10 foxfires
10 creatures vanquished.

Vanquished Creatures (others)
  A bush (Lair:5)
  1139 foxfires
  25 fungi
  44 plants
1209 creatures vanquished.

Grand Total: 1690 creatures vanquished

Notes
Turn   | Place    | Note
-------+----------+-------------------------------------------
     0 | D:1      | funkygono the Gargoyle Fire Elementalist began the quest
                  | for the Orb.
     0 | D:1      | Reached XP level 1. HP: 10/10 MP: 3/3
   344 | D:1      | Reached XP level 2. HP: 15/15 MP: 1/5
   483 | D:1      | Learned a level 2 spell: Scorch
   721 | D:1      | Reached XP level 3. HP: 19/19 MP: 3/6
  1124 | D:1      | Learned a level 3 spell: Kindle Blastsparks
  1262 | D:2      | Found a faded altar of an unknown god.
  1664 | D:2      | Reached XP level 4. HP: 22/24 MP: 3/7
  3012 | D:4      | Found a shadowy altar of Dithmenos.
  3202 | D:4      | Noticed a scorpion
  3209 | D:4      | Killed a scorpion
  3210 | D:4      | Reached XP level 5. HP: 20/28 MP: 1/9
  3328 | D:4      | Found a transporter.
  3337 | D:4      | Noticed Grinder
  3337 | D:4      | Noticed a black bear
  3342 | D:4      | Killed Grinder
  3343 | D:4      | Reached skill level 3 in Spellcasting
  3343 | D:4      | Reached skill level 5 in Fire Magic
  3343 | D:4      | Reached XP level 6. HP: 32/32 MP: 2/11
  3349 | D:4      | Killed a black bear
  3350 | D:4      | Reached XP level 7. HP: 27/36 MP: 0/12
  3465 | D:4      | Reached skill level 4 in Spellcasting
  3962 | D:4      | Found a transporter.
  4290 | D:4      | Learned a level 4 spell: Flame Wave
  4292 | D:4      | Learned a level 1 spell: Sting
  4307 | D:5      | Entered Level 5 of the Dungeon
  4335 | D:5      | Reached skill level 1 in Fighting
  4486 | D:4      | Reached skill level 5 in Spellcasting
  4486 | D:4      | Reached XP level 8. HP: 43/43 MP: 11/15
  4927 | D:5      | Found Baroaz's Serpentskin Sales.
  5263 | D:5      | Reached skill level 6 in Spellcasting
  5304 | D:5      | Learned a level 4 spell: Olgreb's Toxic Radiance
  5408 | D:5      | Reached skill level 1 in Poison Magic
  6415 | D:5      | Found a white marble altar of Elyvilon.
  6505 | D:5      | Found a runed translucent door.
  6506 | D:5      | Noticed Crazy Yiuf
  6713 | D:5      | Killed Crazy Yiuf
  6780 | D:6      | Reached XP level 9. HP: 47/47 MP: 12/19
  6829 | D:6      | Reached skill level 7 in Spellcasting
  6959 | D:6      | Reached skill level 5 in Conjurations
  7150 | D:6      | Noticed Dowan
  7150 | D:6      | Noticed Edmund
  7152 | D:6      | Noticed Duvessa
  7183 | D:6      | HP: 2/47 [Edmund/+3 dire flail of holy wrath (19)]
  7185 | D:6      | Killed Edmund
  7189 | D:6      | Killed Duvessa
  7195 | D:6      | Killed Dowan
  7770 | D:6      | Found an ancient bone altar of Kikubaaqudgha.
  7772 | D:6      | Found a glowing golden altar of the Shining One.
  8015 | D:7      | Reached skill level 8 in Spellcasting
  8125 | D:7      | Found a staircase to the Ecumenical Temple.
  8134 | Temple   | Entered the Ecumenical Temple
  8225 | Temple   | Became a worshipper of Vehumet
  8435 | D:7      | Reached XP level 10. HP: 52/52 MP: 12/22
  9064 | D:8      | Found a staircase to the Lair.
  9075 | D:8      | Found a bloodstained altar of Trog.
  9091 | D:8      | Reached * piety under Vehumet
  9091 | D:8      | Offered knowledge of Magic Dart by Vehumet.
  9092 | D:8      | Reached skill level 1 in Armour
  9100 | D:8      | Reached skill level 9 in Spellcasting
  9246 | D:8      | Found a stormy altar of Qazlal.
  9551 | D:8      | Learned a level 1 spell: Magic Dart
  9840 | D:9      | Reached ** piety under Vehumet
  9970 | D:9      | Noticed a kobold demonologist
  9973 | D:9      | Offered knowledge of Sandblast by Vehumet.
  9978 | D:9      | Killed a kobold demonologist
 10318 | D:9      | Learned a level 1 spell: Sandblast
 10346 | D:9      | Found a staircase to the Orcish Mines.
 10359 | D:9      | Reached skill level 10 in Spellcasting
 10415 | D:9      | Reached XP level 11. HP: 7/56 MP: 17/25
 10725 | D:10     | Entered Level 10 of the Dungeon
 10813 | D:10     | Reached skill level 1 in Earth Magic
 11096 | D:10     | Offered knowledge of Momentum Strike by Vehumet.
 11969 | D:10     | Learned a level 2 spell: Momentum Strike
 12250 | D:5      | Bought Vuragodu's Guide on Toxicity for 312 gold pieces
 12254 | D:5      | Learned a level 3 spell: Ignite Poison
 12358 | Lair:1   | Entered Level 1 of the Lair of Beasts
 12396 | Lair:1   | Reached skill level 5 in Poison Magic
 12527 | Lair:1   | Reached *** piety under Vehumet
 12894 | Lair:1   | Noticed an oklob plant
 12909 | Lair:1   | Killed an oklob plant
 13052 | Lair:1   | Noticed Nergalle
 13062 | Lair:1   | Killed Nergalle
 13063 | Lair:1   | Reached skill level 11 in Spellcasting
 13063 | Lair:1   | Reached skill level 10 in Fire Magic
 13676 | Lair:2   | Noticed Amaemon
 13683 | Lair:2   | Killed Amaemon
 13812 | Lair:2   | Found a gate leading to a gauntlet.
 13821 | Lair:2   | Reached skill level 1 in Maces & Flails
 13823 | Lair:2   | Reached XP level 12. HP: 62/62 MP: 12/27
 13900 | Gauntlet | Entered a Gauntlet
 13900 | Gauntlet | Found a transporter.
 13900 | Gauntlet | Found a transporter.
 13913 | Gauntlet | Found a transporter.
 13931 | Gauntlet | Found a transporter.
 13931 | Gauntlet | Found a transporter.
 13933 | Gauntlet | Found a transporter.
 13936 | Gauntlet | Found a transporter.
 13936 | Gauntlet | Found a transporter.
 13951 | Gauntlet | Found a transporter.
 13966 | Gauntlet | Noticed a death yak
 13967 | Gauntlet | Found a transporter.
 13968 | Gauntlet | Noticed a death yak
 13969 | Gauntlet | Noticed a death yak
 13974 | Gauntlet | Found the amulet of the Four Winds {rN+ Will+++ Clar}
 13977 | Gauntlet | Found a transporter.
 13984 | Gauntlet | Found a transporter.
 14036 | Gauntlet | Found a transporter.
 14053 | Gauntlet | Found a transporter.
 14161 | Gauntlet | Offered knowledge of Frozen Ramparts by Vehumet.
 14221 | Gauntlet | Got Sif Muna's Compendium of Geometric Conduction
 14598 | Gauntlet | Noticed a minotaur
 14605 | Gauntlet | Killed a minotaur
 14606 | Gauntlet | Reached skill level 1 in Transmutations
 14822 | Lair:2   | Reached **** piety under Vehumet
 14860 | Lair:2   | Noticed a seven-headed hydra
 14869 | Lair:2   | Killed a seven-headed hydra
 14994 | Lair:2   | Reached skill level 12 in Spellcasting
 15104 | Lair:2   | Found a runed translucent door.
 15253 | Lair:2   | Offered knowledge of Hailstorm by Vehumet.
 15582 | Lair:2   | Noticed Zinus's ghost (journeyman OpAE)
 15987 | Lair:2   | Killed Zinus's ghost
 16744 | Lair:3   | Found a staircase to the Snake Pit.
 16763 | Lair:3   | Reached XP level 13. HP: 44/68 MP: 7/29
 17135 | Lair:3   | Reached skill level 13 in Spellcasting
 17359 | Lair:3   | Found a staircase to the Shoals.
 19062 | Lair:4   | Got the Grimoire of Translocation
 19077 | Lair:5   | Entered Level 5 of the Lair of Beasts
 19204 | Lair:5   | Reached ***** piety under Vehumet
 19208 | Lair:5   | Offered knowledge of Eringya's Noxious Bog by Vehumet.
 19367 | Lair:5   | Learned a level 5 spell: Lightning Bolt
 19786 | Lair:5   | Reached skill level 1 in Air Magic
 20470 | Lair:5   | Reached skill level 14 in Spellcasting
 20624 | Lair:5   | Found a staircase to the Slime Pits.
 20625 | Lair:5   | Found a viscous altar of Jiyva.
 20633 | Lair:5   | Gained mutation: Your large and strong wings let you fly.
                  | [Gargoyle growth]
 20633 | Lair:5   | Reached XP level 14. HP: 74/74 MP: 29/32
 20904 | Lair:5   | Identified the +6 trident of Charity {vorpal, rN+}
 20908 | Lair:5   | Identified the +2 robe "Binterua" {rPois rF- Str+5 SInv}
 21362 | Orc:1    | Entered Level 1 of the Orcish Mines
 21472 | Orc:1    | Noticed Urug
 21481 | Orc:1    | Killed Urug
 21668 | Orc:1    | Found Nompud's Armour Shoppe.
 21914 | Orc:2    | Entered Level 2 of the Orcish Mines
 21914 | Orc:2    | Found Liphin's Assorted Antiques.
 21914 | Orc:2    | Found a staircase to the Elven Halls.
 21932 | Orc:2    | Noticed Rupert
 22070 | Orc:2    | Mangled by Rupert

Illustrated notes

Levels and vault maps discovered:
D:1:      lightli_arrival_windingriver, layout_basic, minmay_indecisive_spiral
D:2:      layout_basic, ebering_ecumenical_altar_rust,
          nicolae_concentric_dashed_squares_wild
D:3:      layout_basic
D:4:      gammafunk_wand_slinger, layout_basic, mainiacjoe_overflow_chevrons,
          chequers_mini_garden, uniq_grinder
D:5:      lemuel_castle_with_subvaults [lemuel_castle_interior_carwin_3],
          layout_basic, mainiacjoe_overflow_brackets, guppyfry_shop_venom,
          uniq_crazy_yiuf_cottage
D:6:      layout_rooms, minitemple, uniq_duvessa, uniq_edmund
D:7:      layout_rooms, minmay_temple_entry_sparse_star
D:8:      layout_cave_pools, mainiacjoe_overflow_catwalk_spiral,
          lair_entry_dummy
D:9:      layout_cave_pools, minmay_orc_entry_temple_small,
          kennysheep_generic_room_5
D:10:     layout_cave_pods, nicolae_straight_to_the_point
Temple:   lightli_temple_of_artemis
Lair:1:   layout_roguey, lemuel_another_geyser, uniq_nergalle
Lair:2:   layout_long_grid, gauntlet_entry_generic,
          ebering_ghost_reflecting_pool, st_stairs_5, beast_lair_carwin_3,
          grunt_megastairs_1, infiniplex_staircase_pool_2, lemuel_fruit_tree,
          uniq_amaemon
Lair:3:   layout_regular_city, shoals_dummy_entry,
          minmay_snake_entry_six_corridors, ice2_lemuel
Lair:4:   layout_cave_pods, minmay_lindwurm_lava
Lair:5:   gammafunk_lair_ancient_temple, layout_gridlike, slime_entry_1
Orc:1:    layout_caves, serial_shops, shop, uniq_urug
Orc:2:    grunt_orc_community_town_hall, layout_caves,
          grunt_orc_community_big_house_2, grunt_orc_community_big_house_1,
          grunt_orc_community_house_3, grunt_orc_community_house_3,
          grunt_orc_community_house_1, grunt_orc_community_house_3,
          grunt_orc_community_house_2, grunt_orc_community_house_1,
          serial_shops, shop, shop, nicolae_shop_hallway_stairs,
          nicolae_shop_statue_plus, uniq_rupert, uniq_erolcha

Skill      XL: |  1  2  3  4  5  6  7  8  9 10 11 12 13 14 |
---------------+-------------------------------------------+-----
Conjurations   | 2 3 4 5 6 7 8 |  8.3
Fire Magic     | 4 5 6 7 8 9 10 11 12 | 12.6
Spellcasting   | 3 5 6 8 10 11 12 14 | 14.4
Fighting       | 1 2 3 |  3.3
Stealth        | 3 4 |  4.0
Poison Magic   | 1 3 4 6 7 8 |  8.1
Armour         | 1 |  1.8
Dodging        | 2 3 4 |  4.2
Earth Magic    | 3 4 |  4.4
Maces & Flails | 1 2 |  2.5
Transmutations | 1 2 |  2.3
Air Magic      | 2 3 |  3.4
Translocations | |  0.6

Action                   |  1- 3 |  4- 6 |  7- 9 | 10-12 | 13-15 || total
-------------------------+-------+-------+-------+-------+-------++-------
Melee: Unarmed           |     6 |       |       |       |       ||     6
       Whip              |     2 |    14 |    42 |    10 |       ||    68
       Punch             |       |       |     1 |       |       ||     1
       Mace              |       |       |       |    74 |    28 ||   102
 Cast: Foxfire           |    52 |    32 |   218 |   244 |   117 ||   663
       Scorch            |     4 |    12 |    68 |   101 |    81 ||   266
       Sting             |       |       |     8 |     3 |       ||    11
       Flame Wave        |       |       |     3 |    22 |     8 ||    33
       Kindle Blastspark |       |       |     3 |       |     1 ||     4
       Olgreb's Toxic Ra |       |       |       |    32 |    45 ||    77
       Ignite Poison     |       |       |       |    20 |    48 ||    68
       Sandblast         |       |       |       |    21 |    13 ||    34
       Momentum Strike   |       |       |       |     4 |     3 ||     7
       Magic Dart        |       |       |       |     1 |       ||     1
       Lightning Bolt    |       |       |       |       |     2 ||     2
  Use: Scroll            |     6 |     5 |    10 |    12 |     6 ||    39
       Potion            |       |       |     1 |     5 |     5 ||    11
 Stab: Sleeping          |       |     1 |       |       |       ||     1
Armor: Robe              |     9 |    11 |    42 |       |       ||    62
       Leather armour    |       |       |     6 |     8 |       ||    14
       Steam dragon scal |       |       |       |   159 |   103 ||   262
Dodge: Dodged            |     7 |     9 |    72 |   189 |   111 ||   388

Table legend: (Time is in decaauts)
 A = Elapsed time spent in this place.
 B = Non-inter-level travel time spent in this place.
 C = Inter-level travel time spent in this place.
 D = Time resting spent in this place.
 E = Time spent auto-exploring this place.
 F = Levels seen in this place.
 G = Mean time per level.
                   A        B        C        D        E       F      G
               +--------+--------+--------+--------+--------+-----+--------+
         Total |  22162 |  21427 |    735 |   2580 |  14680 |  19 | 1166.4 |
       Dungeon |  12380 |  11852 |    528 |   1346 |   8363 |  10 | 1238.0 |
        Temple |    111 |     91 |     20 |      0 |     79 |   1 |  111.0 |
          Lair |   8052 |   7867 |    185 |   1039 |   5492 |   5 | 1610.4 |
  Orcish Mines |    708 |    708 |      0 |      0 |    589 |   2 |  354.0 |
      Gauntlet |    908 |    908 |      0 |    195 |    157 |   1 |  908.0 |
               +--------+--------+--------+--------+--------+-----+--------+

Top non-repeatable levels by time:
     D:5: 2548 daAuts
  Lair:5: 1889 daAuts
  Lair:3: 1748 daAuts
  Lair:2: 1594 daAuts
  Lair:4: 1485 daAuts
     D:4: 1437 daAuts
  Lair:1: 1335 daAuts
    D:10: 1298 daAuts
     D:9: 1177 daAuts
     D:1: 1138 daAuts
     D:6: 1104 daAuts
     D:3: 1029 daAuts
     D:8: 1008 daAuts
     D:2: 947 daAuts
Gauntlet: 908 daAuts
